 Dungeon Crawl Stone Soup version 0.23.2-1-ga50397a6bc (webtiles) character file.

Game seed: 7536113886656700943

142587 Coltquelos the Warrior (level 17, -14/162 HPs)
             Began as a Hill Orc Monk on May 24, 2019.
             Was a High Priest of Beogh.
             Killed from afar by Mara (illusionary) (32 damage)
             ... with a bolt of fire
             ... on level 3 of the Swamp on May 30, 2019.
             The game lasted 02:24:15 (30242 turns).

Coltquelos the Warrior (Hill Orc Monk)             Turns: 30242, Time: 02:24:15

Health: -14/162    AC: 19    Str: 18      XL:     17   Next: 35%
Magic:  19/28      EV: 21    Int:  5      God:    Beogh [*****.]
Gold:   2703       SH:  9    Dex: 25 (26) Spells: 16/16 levels left

rFire    . . .     SeeInvis .   B - +6 war axe (flame)
rCold    . . .     Gourm    .   E - +0 buckler
rNeg     + + .     Faith    .   w - +3 scale mail "Jyb Lufy" {rN++ Int-3 Dex+8}
rPois    .         Spirit   .   O - +0 hat {MR+}
rElec    +         Reflect  +   k - +1 cloak {MR+}
rCorr    .         Harm     .   A - +1 pair of gloves
MR       +++..                  (no boots)
Stlth    +.........             j - +2 amulet of reflection
HPRegen  0.37/turn              U - +4 ring of protection
MPRegen  0.21/turn              m - +4 ring of strength

@: lethally poisoned (-14 -> -15)
A: walk on water, deterioration 1, dopey 1, electricity resistance, weak 1
a: Smiting, Recall Orcish Followers, Give Item to Named Follower, Renounce
Religion


You were on level 3 of the Swamp.
You worshipped Beogh.
Beogh was extremely pleased with you.
You were not hungry.

You visited 5 branches of the dungeon, and saw 29 of its levels.
You visited 1 bazaar.
You also visited: Volcano.

You collected 2868 gold pieces.
You spent 165 gold pieces at shops.

Inventory:

Hand Weapons
 d - a +0 hand crossbow
 e - the +10 falchion of the Countless Souls {drain, +Inv}
   (You found it on level 5 of the Dungeon)

   A truly terrible weapon, it drains the life of those it strikes.
   It lets you turn invisible.
 u - the +2 war axe "Athisape" {venom, +Inv}
   (You found it on level 13 of the Dungeon)

   It poisons the flesh of those it strikes.
   It lets you turn invisible.
 z - a +3 broad axe of flaming
 B - a +6 war axe of flaming (weapon)
Missiles
 t - 36 tomahawks (quivered)
 M - 163 bolts
 Y - 5 exploding tomahawks
Armour
 k - a +1 cloak of magic resistance (worn)
 r - a +0 troll leather armour
 w - the +3 scale mail "Jyb Lufy" (worn) {rN++ Int-3 Dex+8}
   (You found it on level 3 of the Lair of Beasts)

   It affects your intelligence (-3).
   It affects your dexterity (+8).
   It greatly protects you from negative energy.
 A - a +1 pair of gloves (worn)
 E - a +0 buckler (worn)
 O - a +0 hat of magic resistance (worn)
Jewellery
 j - a +2 amulet of reflection (around neck)
 m - a +4 ring of strength (right hand)
 s - an uncursed ring of protection from fire
 T - an uncursed ring of resist corrosion
 U - a +4 ring of protection (left hand)
Wands
 h - a wand of acid (12)
 H - a wand of iceblast (14)
 J - a wand of digging (16)
 K - a wand of disintegration (20)
 P - a wand of flame (18)
 R - a wand of scattershot (7)
Scrolls
 b - 2 scrolls of fear
 f - a scroll of blinking
 g - 5 scrolls of amnesia
 i - 6 scrolls of fog
 q - 18 scrolls of identify
 x - 5 scrolls of enchant armour
 y - a scroll of enchant weapon
 D - 17 scrolls of remove curse
 L - 14 scrolls of teleportation
 V - 2 scrolls of silence
 W - a scroll of brand weapon
 Z - a scroll of magic mapping
Potions
 a - a potion of resistance
 l - 6 potions of agility
 n - 2 potions of ambrosia
 o - 3 potions of flight
 p - 9 potions of curing
 C - a potion of invisibility
 F - 2 potions of cancellation
 N - 3 potions of heal wounds
 S - a potion of haste
Miscellaneous
 v - a phantom mirror
 G - a fan of gales
 Q - a phial of floods
Comestibles
 c - 47 rations
 I - 9 chunks of flesh


   Skills:
 * Level 17.5 Fighting
   Level 4.2(5.1) Short Blades
 - Level 5.0(5.8) Long Blades
 + Level 14.3(14.4) Axes
   Level 3.0(8.6) Maces & Flails
 + Level 2.6 Crossbows
 + Level 3.5 Throwing
 - Level 8.0 Armour
 * Level 13.0 Dodging
 - Level 1.5 Stealth
 - Level 5.0 Shields
 - Level 15.0 Invocations
 - Level 10.0 Evocations


You had 16 spell levels left.
You didn't know any spells.
Your spell library contained the following spells:

 Spells                   Type           Power        Failure   Level  Hunger
 Apportation              Tloc           #.....       82%         1    ##.....
 Beastly Appendage        Tmut           #.....       82%         1    ##.....
 Magic Dart               Conj           #...         82%         1    ##.....
 Shock                    Conj/Air       #...         82%         1    ##.....
 Summon Butterflies       Summ           #.......     82%         1    ##.....
 Summon Small Mammal      Summ           #...         82%         1    ##.....
 Poisonous Vapours        Pois/Air       #.....       91%         2    ###....
 Searing Ray              Conj           #.....       91%         2    ###....
 Sticks to Snakes         Tmut           #.......     91%         2    ###....
 Swiftness                Chrm/Air       #.......     91%         2    ###....
 Conjure Flame            Conj/Fire      #.......     99%         3    ####...
 Dazzling Spray           Conj/Hex       #.....       99%         3    ####...
 Lesser Beckoning         Tloc           #.........   99%         3    ####...
 Mephitic Cloud           Conj/Pois/Air  #.......     99%         3    ####...
 Recall                   Summ/Tloc      N/A          99%         3    ####...
 Spider Form              Tmut/Pois      #.........   99%         3    ####...
 Static Discharge         Conj/Air       #.......     99%         3    ####...
 Summon Guardian Golem    Hex/Summ       #.......     99%         3    ####...
 Tukima's Dance           Hex            #.......     99%         3    ####...
 Airstrike                Air            #.........   100%        4    #####..
 Force Lance              Conj/Tloc      #.......     100%        4    #####..
 Fulminant Prism          Conj/Hex       #.........   100%        4    #####..
 Ice Form                 Ice/Tmut       #.......     100%        4    #####..
 Iskenderun's Mystic Bla  Conj           #.......     100%        4    #####..
 Alistair's Intoxication  Tmut/Pois      #.......     100%        5    ######.
 Blade Hands              Tmut           #.........   100%        5    ######.
 Lightning Bolt           Conj/Air       #.........   100%        5    ######.
 Metabolic Englaciation   Hex/Ice        #.........   100%        5    ######.
 Bolt of Cold             Conj/Ice       #.........   100%        6    #######
 Freezing Cloud           Conj/Ice/Air   #.........   100%        6    #######
 Invisibility             Hex            #.......     100%        6    #######
 Ozocubu's Refrigeration  Ice            #.........   100%        6    #######
 Simulacrum               Ice/Necr       #.........   100%        6    #######
 Haunt                    Necr/Summ      #.........   100%        7    #######
 Ring of Flames           Chrm/Fire      #.........   100%        7    #######
 Borgnjor's Revivificati  Necr           #.........   100%        8    #######
 Death's Door             Chrm/Necr      #.........   100%        8    #######
 Infestation              Necr           #.........   100%        8    #######
 Necromutation            Tmut/Necr      #.........   100%        8    #######
 Dragon's Call            Summ           #.........   100%        9    #######


Dungeon Overview and Level Annotations

Branches:
Dungeon (15/15)            Temple (0/1) D:6            Lair (6/6) D:10
  Swamp (3/4) Lair:2       Spider (0/4) Lair:4        Slime (0/5) Lair:6
    Orc (2/2) D:11            Elf (3/3) Orc:2        Vaults (0/5) D:14
 Depths (0/5) D:15

Altars:
Cheibriados
Hepliaklqana
Okawaru
Ru
Sif Muna
Wu Jian
The Shining One
Beogh

Shops:
D:6 ?   D:7 !   D:9 ?   Orc:2 }=[   Elf:1 !}[[   Elf:3 }

Portals:
Trove: D:13 (give +6 demon trident)

Annotations:
D:7 3 runed translucent doors, mpzz's ghost, novice TeAE
D:11 2 transporters, OneEyedShark's ghost, journeyman TrAK
Swamp:3 Mara
Elf:2 3 runed translucent doors
Elf:3 2 exclusions


Innate Abilities, Weirdness & Mutations

You can walk on water.
Your body sometimes deteriorates upon taking damage.
You are dopey. (Int -2)
You are resistant to electric shocks. (rElec)
You are weak. (Str -2)


Message History

Mara is heavily wounded.
You block Mara's attack.
Unknown command.
You barely miss Mara.
Mara is heavily wounded.
You feel sick.
Unknown command.
You closely miss Mara.
Mara is heavily wounded.
You block Mara's attack.
Unknown command.
You slash Mara!
Mara is heavily wounded.
Mara blinks!
Unknown command.
You feel sick.
Mara says, "Thou art lean, ill-favoured, death is in thy neighbourhood!"
Mara gestures at you. The bolt of fire hits you!!
You die...

♣♣♣♣♣♣♣ ♣♣♣♣♣♣..§≈.♣ ♣
♣♣.♣.≈≈.≈≈≈.♣♣♣ .≈
♣♣.≈..≈p≈≈≈≈♣≈≈♣♣.)≈
♣..≈≈≈≈≈≈.§♣≈≈≈...≈≈≈
♣≈...≈R≈≈)≈≈≈≈≈≈.≈≈§.≈♣
≈≈.≈≈.♣≈††)≈≈.≈≈..≈≈≈(♣
...♣≈.≈≈♣♣.≈@≈)≈≈.≈≈≈.♣♣♣
♣..≈≈.≈.♣.†≈§≈≈♣≈≈≈≈....♣♣
♣♣..≈.♣≈≈.@♣≈§R.≈≈≈≈≈≈♣..♣
♣♣≈≈≈..♣.§.♣§.≈≈.>≈≈≈≈≈♣♣
♣≈♣≈♣.♣≈≈..R.≈≈..≈.≈≈≈.♣
♣.≈ ≈ ♣≈≈....≈.<.≈..≈≈.♣ §
≈ ♣♣..≈....)≈≈≈.♣♣.♣ ≈≈
♣≈.≈≈≈≈≈≈≈≈...≈.♣♣
♣.≈≈.≈.≈≈≈≈≈≈.≈..♣


You could see 2 Maras, Coltquelos's illusion and a neutral human (wandering).

Vanquished Creatures
  A deep elf blademaster (Elf:2)
  Gastronok (D:11)
  3 thorn hunters (Swamp:2)
  Kirke (Swamp:3)
  A fire dragon (D:9)
  9 hydras
  Harold (D:7)
  3 vault guards (D:14)
  13 alligators
  A centaur warrior (D:13)
  A ghost crab (Swamp:2)
  4 dancing weapons
  2 tengu warriors
  A hell knight (Volcano)
  3 deep elf knights
  A salamander mystic (Volcano)
  An unseen horror (D:12)
  A spriggan druid (Swamp:2)
  A wizard (Elf:1)
  Pikel (D:8)
  3 swamp dragons
  3 deep elf archers (Elf:2)
  An orc knight (D:15)
  A lindwurm (Lair:6)
  4 salamanders (Volcano)
  A cyclops (D:11)
  12 deep elf magi
  5 ugly things
  A centaur skeleton (D:15)
  7 spiny frogs
  4 molten gargoyles
  A gargoyle (D:11)
  An ice statue (D:13)
  2 kobold demonologists (D:13)
  An efreet (D:11)
  2 komodo dragons
  A tengu conjurer (D:13)
  2 trolls
  A jumping spider (Lair:4)
  3 tyrant leeches
  5 bog bodies
  5 hornets
  7 blink frogs
  7 slime creatures
  5 hippogriffs
  A centaur simulacrum (D:11)
  Sigmund (D:6)
  3 spriggans
  2 redbacks (Lair:4)
  2 wyverns
  A tarantella (shapeshifter) (D:14)
  19 yaks
  A basilisk (Lair:6)
  2 steam dragons
  2 fire bats (Volcano)
  5 vampire mosquitoes
  Menkaure (D:7)
  3 hungry ghosts
  14 swamp worms
  10 insubstantial wisps
  6 porcupines
  5 water moccasins
  10 swamp drakes
  2 phantoms
  6 orc warriors
  10 ogres
  4 slaves (D:8)
  A boggart (Elf:1)
  2 sky beasts
  8 ice beasts
  5 wolves
  4 crocodiles
  3 centaurs
  2 big kobolds (D:10)
  14 bullfrogs
  An earth elemental (Elf:3)
  5 scorpions
  A wyvern skeleton (D:10)
  7 killer bees
  8 wights
  2 howler monkeys
  6 crimson imps
  8 lava snakes (Volcano)
  3 centaur zombies
  A bullfrog zombie (D:12)
  3 quasits
  2 hounds
  12 jellies
  9 orc wizards
  5 orc priests
  A bullfrog skeleton (D:7)
  6 iguanas
  5 worker ants
  2 bullfrog simulacra (D:11)
  A hound zombie (D:11)
  16 adders
  4 shadow imps
  A white imp (D:11)
  6 oozes
  2 adder skeletons (D:5)
  An adder zombie (D:7)
  2 worms (D:3)
  3 dart slugs
  5 leopard geckos
  27 orcs
  6 bats
  3 giant cockroaches
  6 goblins
  10 hobgoblins
  11 jackals
  11 kobolds
  2 quokkas
  10 frilled lizards
  8 rats
  5 briar patches (Swamp:2)
511 creatures vanquished.

Vanquished Creatures (collateral kills)
  An orc warlord (Swamp:1)
  Jorgrun (D:13)
  Rupert (Lair:4)
  A fire giant (D:15)
  A deep elf sorcerer (Elf:1)
  2 deep elf elementalists (Elf:3)
  A deep elf demonologist (Elf:1)
  3 deep elf annihilators (Elf:3)
  Snorg (Lair:4)
  2 deep elf high priests (Elf:3)
  A fire dragon (Lair:6)
  4 ogre magi (Orc:2)
  A vault guard (D:14)
  8 hydras
  14 two-headed ogres
  4 dancing weapons
  2 alligators (Swamp:2)
  A death yak (Lair:4)
  An orc high priest (Orc:2)
  2 tengu warriors (D:14)
  4 spriggans
  4 deep elf knights
  Nergalle (D:10)
  2 wizards
  6 deep elf archers
  An orc knight (D:14)
  20 deep elf magi
  10 ugly things
  An oklob plant (Orc:1)
  2 cyclopes
  A manticore (D:12)
  3 centaur zombies
  9 elephants
  7 black mambas
  A guardian serpent (D:10)
  A gargoyle (D:14)
  4 rime drakes
  10 spiny frogs
  A freezing wraith (D:14)
  2 komodo dragons
  A kobold demonologist (D:13)
  2 tengu conjurers (D:14)
  2 jumping spiders (Lair:4)
  A tyrant leech (Swamp:1)
  A bog body (Swamp:1)
  3 trolls
  3 polar bears
  4 hornets
  13 blink frogs
  5 slime creatures
  4 hippogriffs
  3 redbacks (Lair:4)
  2 air elementals
  A vampire (D:12)
  6 water elementals
  2 shadows
  2 centaur simulacra (D:11)
  37 yaks
  4 wyverns
  A human (D:13)
  A wraith (D:10)
  7 basilisks
  2 vampire mosquitoes
  A hungry ghost (D:12)
  A steam dragon (Lair:4)
  3 wargs
  5 water moccasins
  3 hell hounds (Lair:6)
  10 orc warriors
  7 porcupines
  A sky beast (D:12)
  4 ice beasts
  2 phantoms
  24 ogres
  10 wolves
  9 crocodiles
  5 centaurs
  2 big kobolds (D:13)
  6 bullfrogs
  A wyvern skeleton (D:13)
  6 killer bees
  A wight (D:15)
  2 howler monkeys (D:11)
  3 electric eels
  2 crimson imps
  4 lava snakes (Lair:6)
  A wyvern simulacrum (D:11)
  3 hounds
  10 jellies
  5 orc priests
  A bullfrog skeleton (D:13)
  2 orc wizards
  2 centaur skeletons
  An iguana (D:9)
  A worker ant (D:14)
  A hound zombie (D:10)
  An adder (D:9)
  A hound simulacrum (D:11)
  10 orcs
  14 kobolds
  8 fungi
  6 plants
428 creatures vanquished.

Vanquished Creatures (others)
  An orc warlord (D:14)
  A deep elf knight (Elf:2)
  6 orc knights
  2 deep elf magi
  15 orc warriors
  3 insubstantial wisps (Swamp:2)
  9 orc priests
  12 orc wizards
  48 orcs
  2 briar patches (Swamp:2)
  8 fungi
  4 plants
111 creatures vanquished.

Grand Total: 1050 creatures vanquished

Notes
Turn   | Place    | Note
-------+----------+-------------------------------------------
     0 | D:1      | Coltquelos the Hill Orc Monk began the quest for the Orb.
     0 | D:1      | Reached XP level 1. HP: 19/19 MP: 1/1
   393 | D:1      | Reached XP level 2. HP: 27/27 MP: 2/2
   500 | D:1      | Reached skill level 1 in Armour
   516 | D:1      | Reached skill level 1 in Maces & Flails
   638 | D:1      | Reached skill level 4 in Fighting
   657 | D:1      | Reached XP level 3. HP: 29/33 MP: 3/3
  1075 | D:2      | Reached XP level 4. HP: 25/40 MP: 4/4
  1309 | D:2      | Found a faded altar of an unknown god.
  1787 | D:3      | Reached XP level 5. HP: 34/47 MP: 5/5
  2654 | D:4      | Noticed an ogre
  2670 | D:4      | Killed an ogre
  2670 | D:4      | Reached skill level 1 in Shields
  2670 | D:4      | Reached XP level 6. HP: 39/55 MP: 6/6
  2711 | D:4      | Reached skill level 5 in Fighting
  2883 | D:4      | Became a worshipper of Beogh the Brigand
  2883 | D:4      | Reached * piety under Beogh
  2883 | D:4      | Reached ** piety under Beogh
  3449 | D:5      | Entered Level 5 of the Dungeon
  3475 | D:5      | Reached XP level 7. HP: 38/61 MP: 7/7
  3597 | D:5      | Reached skill level 1 in Invocations
  3864 | D:5      | Found an iron altar of Okawaru.
  3872 | D:5      | Got a translucent falchion
  3873 | D:5      | Identified the +10 falchion of the Countless Souls {drain,
                  | +Inv} (You found it on level 5 of the Dungeon)
  3985 | D:5      | Reached skill level 5 in Axes
  3987 | D:5      | Reached skill level 6 in Fighting
  3987 | D:5      | Reached XP level 8. HP: 70/70 MP: 9/9
  4154 | D:5      | Found a deep blue altar of Sif Muna.
  4205 | D:5      | Reached skill level 1 in Long Blades
  4262 | D:6      | Found a staircase to the Ecumenical Temple.
  4293 | D:6      | Found Todeolu's Magic Scroll Shoppe.
  4296 | D:6      | Noticed Sigmund
  4312 | D:6      | Killed Sigmund
  4365 | D:6      | Bought a scroll of teleportation for 36 gold pieces
  4511 | D:6      | Found a sacrificial altar of Ru.
  4525 | D:6      | Found a snail-covered altar of Cheibriados.
  4539 | D:6      | Reached skill level 5 in Armour
  4657 | D:7      | Noticed Harold
  4669 | D:7      | Killed Harold
  4669 | D:7      | Reached skill level 7 in Fighting
  4669 | D:7      | Reached skill level 5 in Dodging
  4669 | D:7      | Reached XP level 9. HP: 37/79 MP: 1/11
  4805 | D:7      | Found Ahopsigh's Distillery.
  4817 | D:7      | Bought a potion of degeneration for 12 gold pieces
  4817 | D:7      | Bought a potion of lignification for 36 gold pieces
  4922 | D:7      | Noticed mpzz's ghost (novice TeAE)
  4938 | D:7      | Reached skill level 5 in Shields
  5033 | D:7      | Noticed Menkaure
  5037 | D:7      | Found a runed translucent gate.
  5038 | D:7      | Found a runed translucent gate.
  5038 | D:7      | Killed Menkaure
  5051 | D:7      | Found a runed translucent gate.
  5456 | D:7      | Reached skill level 1 in Evocations
  5541 | D:8      | Noticed Pikel
  5571 | D:8      | Killed Pikel
  5571 | D:8      | Reached skill level 8 in Fighting
  5571 | D:8      | Reached skill level 5 in Invocations
  5571 | D:8      | Reached XP level 10. HP: 16/88 MP: 13/13
  6237 | D:8      | Reached *** piety under Beogh
  6736 | D:9      | Reached skill level 9 in Fighting
  6947 | D:9      | Noticed a tengu warrior
  6958 | D:9      | Killed a tengu warrior
  7224 | D:9      | Found a hazy altar of Hepliaklqana.
  7333 | D:9      | Found Piarroax's Magic Scroll Shop.
  7466 | D:10     | Entered Level 10 of the Dungeon
  7466 | D:10     | Found a staircase to the Lair.
  7466 | D:10     | Noticed a fire dragon
  7488 | D:9      | Killed a fire dragon
  7488 | D:9      | Reached XP level 11. HP: 80/99 MP: 16/16
  7606 | D:10     | Reached skill level 5 in Long Blades
  7695 | D:10     | Reached skill level 10 in Fighting
  7700 | D:10     | Gained Korbok as an ally
  7725 | D:10     | Noticed a two-headed ogre
  7727 | D:10     | Reached **** piety under Beogh
  7736 | D:10     | Killed a two-headed ogre
  7782 | D:10     | Noticed Nergalle
  7800 | D:10     | Killed Nergalle
  7800 | D:10     | Reached skill level 1 in Short Blades
  8132 | D:10     | Noticed a five-headed hydra
  8143 | D:10     | Killed a ten-headed hydra
  8559 | D:11     | Noticed OneEyedShark's ghost (journeyman TrAK)
  8560 | D:11     | Noticed a moth of wrath
  8568 | D:11     | Found a transporter.
  8568 | D:11     | Found a staircase to the Orcish Mines.
  8572 | D:11     | Noticed a manticore
  9384 | Orc:1    | Entered Level 1 of the Orcish Mines
  9635 | Orc:1    | Reached ***** piety under Beogh
  9644 | Orc:1    | Reached XP level 12. HP: 103/108 MP: 18/18
  9897 | Orc:2    | Entered Level 2 of the Orcish Mines
 10157 | Orc:2    | Found a roughly hewn altar of Beogh.
 10329 | Orc:2    | Found a staircase to the Elven Halls.
 10470 | Orc:2    | Noticed an orc high priest
 10474 | Orc:2    | Killed an orc high priest
 10584 | Orc:2    | Reached skill level 11 in Fighting
 10653 | Orc:2    | Noticed a two-headed ogre
 10653 | Orc:2    | Noticed an ogre mage
 10654 | Orc:2    | Noticed an ogre mage
 10655 | Orc:2    | Noticed an ogre mage
 10664 | Orc:2    | Noticed a two-headed ogre
 10664 | Orc:2    | Noticed a two-headed ogre
 10665 | Orc:2    | Noticed a two-headed ogre
 10668 | Orc:2    | Killed a two-headed ogre
 10668 | Orc:2    | Noticed a two-headed ogre
 10669 | Orc:2    | Paralysed by an ogre mage for 5 turns
 10671 | Orc:2    | Noticed a two-headed ogre
 10673 | Orc:2    | HP: 4/110 [ogre mage/bolt of lightning (30)]
 10673 | Orc:2    | Killed an ogre mage
 10676 | Orc:2    | Killed an ogre mage
 10676 | Orc:2    | Killed a two-headed ogre
 10676 | Orc:2    | Reached skill level 10 in Invocations
 10677 | Orc:2    | Noticed a two-headed ogre
 10681 | Orc:2    | Killed a two-headed ogre
 10682 | Orc:2    | Killed a two-headed ogre
 10683 | Orc:2    | Noticed a two-headed ogre
 10683 | Orc:2    | Killed a two-headed ogre
 10683 | Orc:2    | Reached skill level 5 in Evocations
 10687 | Orc:2    | Killed a two-headed ogre
 10691 | Orc:2    | Noticed a two-headed ogre
 10694 | Orc:2    | Noticed an ogre mage
 10694 | Orc:2    | Noticed a two-headed ogre
 10695 | Orc:2    | Killed a two-headed ogre
 10698 | Orc:2    | Killed a two-headed ogre
 10698 | Orc:2    | Killed a two-headed ogre
 10701 | Orc:2    | Killed a two-headed ogre
 10701 | Orc:2    | Reached skill level 10 in Axes
 10702 | Orc:2    | HP: 4/110 [something (5)]
 10705 | Orc:2    | Killed an ogre mage
 10710 | Orc:2    | Killed an ogre mage
 10723 | Orc:2    | Found Satoegg's Jewellery Emporium.
 10723 | Orc:2    | Found Cuary's Gadget Boutique.
 10726 | Orc:2    | Found Upumul's Gadget Shop.
 10726 | Orc:2    | Found Rato's Antique Armour Emporium.
 10729 | Orc:2    | Noticed a two-headed ogre
 10733 | Orc:2    | Killed a two-headed ogre
 10733 | Orc:2    | Gained Bogrim as an ally
 10873 | Orc:2    | Bought a cursed ring of teleportation for 81 gold pieces
 11278 | Lair:1   | Entered Level 1 of the Lair of Beasts
 11533 | Lair:1   | Reached XP level 13. HP: 105/117 MP: 21/21
 12476 | Lair:2   | Reached skill level 12 in Fighting
 12507 | Lair:2   | Gained Warrok as an ally
 12743 | Lair:2   | Found a staircase to the Swamp.
 13898 | Lair:3   | Identified the +3 scale mail "Jyb Lufy" {rN++ Int-3 Dex+8}
                  | (You found it on level 3 of the Lair of Beasts)
 14494 | Lair:4   | Reached ****** piety under Beogh
 14526 | Lair:4   | Noticed Snorg
 14533 | Lair:4   | Killed Snorg
 14545 | Lair:4   | Found a dark tunnel.
 14563 | Volcano  | Entered a volcano
 14818 | Volcano  | Found a bloodstained altar of Trog.
 15212 | Volcano  | Reached skill level 13 in Fighting
 15487 | Lair:4   | Noticed Rupert
 15495 | Lair:4   | Killed Rupert
 15515 | Lair:4   | Found a hole to the Spider Nest.
 15533 | Lair:4   | Reached XP level 14. HP: 54/129 MP: 19/23
 16592 | Lair:6   | Entered Level 6 of the Lair of Beasts
 16611 | Lair:6   | Your ally Warrok died
 16756 | Lair:6   | Reached skill level 10 in Dodging
 16999 | Lair:6   | Found a large runed translucent door.
 16999 | Lair:6   | Found a large runed translucent door.
 17387 | Lair:6   | Found a staircase to the Slime Pits.
 17582 | Lair:6   | Reached skill level 14 in Fighting
 18248 | D:11     | Found a transporter.
 18365 | D:11     | Noticed Gastronok
 18377 | D:11     | Killed Gastronok
 18621 | D:11     | Identified the +6 quarterstaff of Mana {drain, rC+ rN+++
                  | Str-4} (You found it on level 11 of the Dungeon)
 19795 | D:13     | Found a flickering gateway to a bazaar.
 19816 | Bazaar   | Entered a bazaar
 19821 | Bazaar   | Found Olaqage's Antique Weapon Boutique.
 19840 | Bazaar   | Found Yhin Nurgh's Gadget Emporium.
 19857 | Bazaar   | Found Ucawanar's Food Boutique.
 19876 | Bazaar   | Found Vakuv's Antique Weapon Shoppe.
 20124 | D:13     | Reached XP level 15. HP: 139/139 MP: 25/25
 20369 | D:13     | Gained mutation: You are dopey. (Int -2) [potion of
                  | mutation]
 20369 | D:13     | Gained mutation: You are weak. (Str -2) [potion of
                  | mutation]
 20369 | D:13     | Gained mutation: Your body sometimes deteriorates upon
                  | taking damage. [potion of mutation]
 20369 | D:13     | Gained mutation: You are resistant to electric shocks.
                  | (rElec) [potion of mutation]
 20390 | D:13     | Got an ivory war axe
 20397 | D:13     | Got a steaming lajatang
 20642 | D:13     | Identified the cursed +2 war axe "Athisape" {venom, +Inv}
                  | (You found it on level 13 of the Dungeon)
 20651 | D:13     | Identified the +2 lajatang of Qiecseghe {venom, *Rage +Rage
                  | rC+ rN+} (You found it on level 13 of the Dungeon)
 20702 | D:13     | Noticed Jorgrun
 20709 | D:13     | Killed Jorgrun
 20896 | D:13     | Found a portal to a secret trove of treasure.
 21300 | D:14     | Found a gate to the Vaults.
 21333 | D:14     | Your ally Korbok died
 21406 | D:14     | Reached skill level 15 in Fighting
 21778 | D:14     | Reached skill level 15 in Invocations
 21859 | D:14     | Found an ornate altar of the Wu Jian Council.
 21915 | D:15     | Entered Level 15 of the Dungeon
 21955 | D:15     | Identified the +7 flail "Cutuir" {crush, rN+ Dex+5} (You
                  | found it on level 15 of the Dungeon)
 22021 | D:15     | Found a glowing golden altar of the Shining One.
 22106 | D:15     | Found a staircase to the Depths.
 22106 | D:15     | Noticed a fire giant
 22124 | D:15     | Killed a fire giant
 23061 | Elf:1    | Entered Level 1 of the Elven Halls
 23223 | Elf:1    | Gained Wulfoc as an ally
 23307 | Elf:1    | Identified Mnoleg's Tome of the Crushed Friends
 23432 | Elf:1    | Found Otughoz's Distillery.
 23486 | Elf:1    | Found Ejim's Armour Shop.
 23488 | Elf:1    | Found Emuprouf's Antique Armour Shop.
 23488 | Elf:1    | Found Jaro's Gadget Boutique.
 23493 | Elf:1    | Found Agoarches's Gadget Boutique.
 23657 | Elf:1    | Noticed a deep elf sorcerer
 23660 | Elf:1    | HP: 3/141 [deep elf sorcerer/damnation (28)]
 23660 | Elf:1    | Killed a deep elf sorcerer
 24259 | Elf:2    | Reached XP level 16. HP: 96/151 MP: 27/27
 24496 | Elf:2    | Found a runed translucent gate.
 24496 | Elf:2    | Found a runed translucent gate.
 24496 | Elf:2    | Found a runed translucent gate.
 24535 | Elf:2    | Reached skill level 16 in Fighting
 24623 | Elf:2    | Identified a scroll of acquirement
 24846 | Elf:3    | Entered Level 3 of the Elven Halls
 25214 | Elf:3    | Found Rufuol's Gadget Boutique.
 25344 | Elf:3    | Noticed a deep elf blademaster
 25349 | Elf:3    | Your ally Wulfoc died
 26060 | Elf:3    | Identified the ring "Dihuenif" {Int+2 Stlth+}
 26063 | Elf:3    | Identified the +9 battleaxe of Qucalije {speed, *Corrode
                  | Str+3 Dex+2 SInv}
 26063 | Elf:3    | Identified the +1 leather armour of the Harp {Regen+ Str+3
                  | Slay+3}
 26071 | Elf:3    | Noticed a Brimstone Fiend
 26072 | Elf:3    | Noticed a deep elf blademaster
 26078 | Elf:3    | HP: 3/152 [deep elf blademaster/+0 rapier (15)]
 26303 | Elf:2    | Killed a deep elf blademaster
 26303 | Elf:2    | Reached skill level 1 in Throwing
 26511 | Elf:3    | Noticed a deep elf blademaster
 26518 | Elf:2    | HP: 6/152 [poisoned by a +2 halberd of venom]
 26520 | Elf:2    | HP: 1/152 [poisoned by a +2 halberd of venom]
 26913 | Swamp:1  | Entered Level 1 of the Swamp
 27717 | Swamp:1  | Your ally Bogrim died
 28616 | Swamp:2  | Noticed a thorn hunter
 28633 | Swamp:2  | Killed a thorn hunter
 28650 | Swamp:2  | Reached skill level 17 in Fighting
 28705 | Swamp:2  | Reached skill level 1 in Crossbows
 28968 | Swamp:2  | Gained Bogbrand as an ally
 28979 | Swamp:2  | Your ally Bogbrand died
 28980 | Swamp:2  | Reached XP level 17. HP: 77/161 MP: 28/28
 29719 | Swamp:3  | Reached skill level 10 in Evocations
 29978 | Swamp:3  | Noticed Kirke
 30027 | Swamp:3  | Gained Orgrim as an ally
 30149 | Swamp:3  | Your ally Orgrim died
 30164 | Swamp:3  | Gained Bogric as an ally
 30170 | Swamp:3  | Killed Kirke
 30210 | Swamp:3  | Noticed Mara
 30220 | Swamp:3  | Noticed Coltquelos's illusion
 30235 | Swamp:3  | Your ally Bogric died
 30242 | Swamp:3  | Killed from afar by Mara (illusionary)

Skill      XL: |  1  2  3  4  5  6  7  8  9 10 11 12 13 14 15 16 17 |
---------------+----------------------------------------------------+-----
Armour         | 1 2 3 4 5 6 7 8 |  8.0
Maces & Flails | 1 2 3 |  3.0
Fighting       | 4 5 6 7 8 9 10 11 13 14 15 17 | 17.5
Dodging        | 3 4 5 6 7 8 9 10 11 12 13 | 13.0
Shields        | 1 3 4 5 |  5.0
Invocations    | 1 3 5 7 9 11 12 14 15 | 15.0
Axes           | 5 6 7 8 9 10 11 12 13 14 | 14.3
Long Blades    | 2 3 4 5 |  5.0
Evocations     | 1 3 4 5 6 7 8 9 10 | 10.0
Short Blades   | 2 3 4 |  4.2
Throwing       | 2 3 |  3.5
Crossbows      | 1 2 |  2.6
Stealth        | |  1.5

Action                   |  1- 3 |  4- 6 |  7- 9 | 10-12 | 13-15 | 16-18 || total
-------------------------+-------+-------+-------+-------+-------+-------++-------
Melee: Whip              |    75 |   156 |    30 |       |     1 |       ||   262
       Hand axe          |     6 |    17 |    49 |   111 |    49 |       ||   232
       Falchion          |       |       |    96 |   281 |   219 |    29 ||   625
       War axe           |       |       |       |    23 |   172 |   501 ||   696
       Dagger            |       |       |       |    25 |       |       ||    25
       Broad axe         |       |       |       |       |   294 |       ||   294
 Fire: Hand crossbow     |       |       |       |       |       |     5 ||     5
Throw: Tomahawk          |       |     3 |     9 |       |     8 |    11 ||    31
Invok: Convert to Beogh  |       |     1 |       |       |       |       ||     1
       Smiting           |       |       |     7 |     9 |    29 |    11 ||    56
       Recall Orcish Fol |       |       |       |     6 |    40 |    11 ||    57
       Give Item to Name |       |       |       |       |     3 |     1 ||     4
       Resurrection      |       |       |       |       |     1 |       ||     1
Evoke: Wand              |       |       |     2 |     2 |       |       ||     4
  Use: Scroll            |       |     5 |     2 |     2 |    18 |    10 ||    37
       Potion            |       |       |       |     5 |    10 |     5 ||    20
 Stab: Sleeping          |     4 |     3 |     4 |       |     2 |       ||    13
       Distracted        |     1 |       |       |     4 |    16 |     6 ||    27
  Eat: Chunk             |       |     8 |     6 |    16 |    35 |    21 ||    86
       Ration            |       |       |     1 |     3 |     1 |       ||     5
Armor: Robe              |    11 |    35 |    12 |       |       |       ||    58
       Leather armour    |       |     3 |     8 |       |       |       ||    11
       Ring mail         |       |       |    32 |   128 |    47 |       ||   207
       Scale mail        |       |       |       |       |   233 |   186 ||   419
       Skin              |       |       |       |       |     1 |       ||     1
       Troll leather arm |       |       |       |       |     3 |    16 ||    19
Dodge: Dodged            |    45 |   112 |   106 |   314 |   592 |   452 ||  1621
Block: Buckler           |       |    10 |    41 |   115 |   285 |   275 ||   726
       Reflection        |       |       |       |       |       |    10 ||    10
       Rpst.: Falchion   |       |       |    13 |    48 |    46 |     3 ||   110
